Map: Overgrown Facility

Players

MjrDisaster

  • Race: Protoss Protoss
  • Spawn Location: 3:00

Shachar

  • Race: Protoss Protoss
  • League: Gold
  • Spawn Location: 1:00

Seamonsta

  • Race: Zerg Zerg
  • League: Diamond
  • Spawn Location: 7:00

DuBxz

  • Race: Zerg Zerg
  • League: Bronze
  • Spawn Location: 9:00

VOD

Have the link to the VOD?

Description

Time

  • Played on: Nov. 27, 2018, 10:48 p.m.
  • Length: 12:31
Show
View Real Time Build Order
Export as new Build Order

MjrDisaster Protoss 

Build Orders:  

Get SALT Encoding   

  1  0:00  Probe  
  13  0:18  Pylon  
  13  0:24  Probe  
  14  0:37  Gateway  
  14  0:40  Assimilator  
  14  0:41  Probe  
  15  0:55  Probe  
  16  1:04  Assimilator  
  16  1:20  Probe  
  16  1:22  Assimilator  
  16  1:25  Cybernetics Core  
  17  1:55  Probe  
  18  2:04  Probe  
  18  2:05  Robotics Facility  
  18  2:06  Warp Gate  
  19  2:12  Probe  
  19  2:22  Probe  
  20  2:24  Pylon  
  21  2:34  Probe  
  22  2:45  Pylon  
  22  2:47  Robotics Facility  
  22  2:49  Stalker  
  22  2:51  Warp Prism  
  26  3:08  Probe  
  27  3:19  Gateway  
  27  3:20  Probe  
  28  3:29  Pylon  
  28  3:40  Immortal  
  32  4:00  Immortal  
  36  4:38  Pylon  
  36  5:04  Shield Battery  
  35  5:41  Zealot x2  
  39  5:52  Twilight Council  
  39  5:55  Pylon  
  39  5:57  Pylon  
  39  5:59  Pylon  
  39  6:01  Pylon  
  39  6:13  Gateway  
  39  6:15  Probe  
  39  6:17  Gateway  
  40  6:21  Gateway  
  40  6:24  Charge  
  40  6:32  Zealot  
  40  6:33  Zealot  
  44  7:12  Nexus  
  44  7:15  Assimilator  
  44  7:20  Assimilator  
  44  7:22  Templar Archives  
  44  7:29  Probe  
  45  7:37  Probe  
  46  7:47  Observer  
  47  7:59  High Templar  
  47  8:00  High Templar x3  
  47  8:01  High Templar  
  57  8:09  Archon  
  57  8:14  Gateway  
  47  8:37  Zealot x3  
  47  8:38  Zealot  
  47  8:39  Zealot  
  57  8:53  Psionic Storm  
  49  9:17  Probe  
  49  9:24  Probe  
  51  9:26  Probe  
  52  9:33  High Templar x2  
  52  9:34  High Templar x2  
  52  9:35  Probe  
  52  9:36  Probe, Zealot x2  
  46  10:11  Probe  
  47  10:32  Stalker x3  
  47  10:33  Stalker  
  47  10:34  Stalker  
  32  11:06  Zealot x4  
  32  11:08  Zealot  
  22  11:35  Zealot x2  
  20  12:04  Pylon  
  20  12:07  Pylon  
Show
View Real Time Build Order
Export as new Build Order

Shachar Protoss 

Build Orders: 1 Gate Expand, Oracle Opening 

Get SALT Encoding   

  12  0:00  Probe  
  13  0:19  Pylon  
  13  0:20  Probe  
  14  0:31  Probe  
  15  0:38  Gateway  
  15  0:39  Probe  
  15  0:47  Probe  
  16  0:51  Assimilator  
  17  0:58  Probe  
  19  1:22  Nexus  
  18  1:37  Cybernetics Core  
  18  1:40  Pylon  
  18  1:45  Probe  
  19  1:57  Probe  
  20  2:09  Probe  
  20  2:11  Assimilator  
  21  2:21  Probe  
  22  2:33  Probe  
  22  2:35  Gateway  
  23  2:41  Warp Gate  
  23  2:45  Probe  
  24  2:52  Stargate  
  24  2:56  Gateway x2  
  24  3:09  Pylon  
  24  3:15  Probe  
  24  3:16  Probe  
  26  3:23  Probe  
  26  3:26  Assimilator  
  26  3:28  Probe  
  26  3:33  Probe  
  28  3:40  Probe, Oracle  
  30  3:45  Probe  
  31  3:52  Probe  
  35  3:59  Zealot  
  35  4:00  Zealot  
  35  4:01  Zealot x2  
  43  4:03  Probe  
  44  4:17  Stargate  
  44  4:29  Stalker  
  44  4:30  Stalker  
  41  4:54  Pylon  
  41  4:59  Stalker  
  23  5:19  Zealot, Stalker x2  
  28  5:30  Probe  
  28  5:32  Probe  
  27  5:38  Probe  
  28  5:44  Probe  
  28  5:46  Probe  
  29  5:50  Robotics Facility  
  29  5:52  Probe  
  31  5:58  Probe  
  31  6:00  Probe  
  31  6:01  Assimilator  
  33  6:12  Stalker  
  35  6:28  Stalker  
  35  6:29  Sentry, Zealot  
  41  6:43  Stalker  
  42  7:01  Probe x2  
  42  7:06  Pylon  
  43  7:09  Gateway  
  43  7:12  Observer  
  43  7:13  Probe  
  43  7:14  Pylon  
  45  7:39  Zealot x3  
  52  7:44  Observer  
  52  7:49  Pylon  
  52  7:51  Probe x2  
  54  8:03  Probe  
  47  8:37  Stalker x2  
  47  8:38  Stalker  
  45  9:15  Stalker x3  
  51  9:35  Twilight Council  
  51  9:40  Gateway  
  51  9:42  Gateway  
  51  9:43  Gateway, Pylon  
  51  9:44  Gateway, Blink  
  37  10:08  Stalker x2  
  41  10:19  Probe  
  41  10:21  Probe  
  41  10:28  Probe  
  43  10:33  Probe  
  44  10:45  Probe  
  44  10:46  Probe  
  46  10:57  Probe  
  46  10:58  Probe  
  38  11:17  Nexus  
  38  11:23  Probe x2, Assimilator  
  38  11:25  Assimilator  
  40  11:33  Zealot  
  40  11:34  Zealot x5, Immortal  
  40  11:35  Zealot  
  58  11:55  Probe x2  
  57  12:06  Stalker  
  57  12:07  Sentry  
  51  12:18  Stalker  
  42  12:25  Sentry, Stalker  
Show
View Real Time Build Order
Export as new Build Order

Seamonsta Zerg 

Build Orders: Pool First, Zergling Baneling 

Get SALT Encoding   

  12  0:02  Drone  
  13  0:13  Overlord  
  13  0:18  Drone  
  14  0:31  Drone x2  
  14  0:35  Drone  
  17  0:46  Spawning Pool  
  17  0:49  Extractor  
  15  0:51  Drone  
  15  0:56  Drone  
  17  1:07  Drone  
  18  1:18  Overlord  
  18  1:31  Hatchery  
  17  1:41  Queen  
  17  1:47  Drone  
  20  1:49  Drone  
  21  2:01  Zergling x4  
  24  2:15  Drone  
  24  2:25  Hatchery  
  24  2:29  Pneumatized Carapace  
  23  2:40  Overlord  
  23  2:41  Drone  
  24  2:46  Extractor  
  24  2:48  Drone x2  
  25  2:52  Drone  
  26  3:03  Baneling Nest  
  25  3:10  Overlord  
  25  3:13  Metabolic Boost  
  25  3:16  Drone  
  26  3:29  Zergling x8  
  26  3:32  Zergling x2  
  31  3:38  Queen  
  33  3:48  Queen  
  35  3:51  Baneling x2  
  35  3:53  Baneling  
  35  3:54  Baneling  
  35  4:00  Drone  
  37  4:02  Zergling x2  
  37  4:03  Zergling x2  
  38  4:11  Drone x2  
  40  4:18  Baneling x5  
  40  4:20  Drone  
  41  4:24  Spore Crawler  
  41  4:30  Spore Crawler  
  33  4:58  Zergling x2  
  33  4:59  Zergling x10  
  37  5:03  Zergling x2  
  37  5:04  Zergling x10  
  44  5:50  Drone  
  44  5:51  Lair  
  44  5:53  Drone, Overlord  
  44  5:55  Drone x3, Overlord x2  
  44  5:56  Drone  
  49  5:58  Evolution Chamber  
  48  6:06  Drone, Overlord  
  48  6:15  Baneling x9  
  48  6:19  Drone  
  48  6:20  Drone  
  46  6:28  Zergling x8  
  49  6:45  Zergling x8  
  45  6:58  Centrifical Hooks  
  45  6:59  Hydralisk Den  
  43  7:10  Baneling x3  
  43  7:14  Drone x2  
  43  7:15  Drone x2  
  47  7:18  Queen x2  
  51  7:30  Grooved Spines  
  51  7:31  Hydralisk x2  
  51  7:35  Hydralisk  
  57  7:42  Overseer  
  57  7:51  Zergling x4  
  59  7:52  Drone x3  
  59  7:53  Drone  
  59  7:56  Extractor  
  62  8:19  Zergling x6  
  64  8:20  Zergling x12  
  61  8:35  Hydralisk x5  
  67  8:49  Zergling x2  
  67  8:50  Zergling x6  
  71  9:00  Overlord  
  71  9:01  Drone  
  72  9:08  Hydralisk  
  72  9:10  Muscular Augments  
  72  9:16  Hydralisk  
  71  9:17  Hydralisk  
  71  9:20  Overlord  
  71  9:21  Zergling x2  
  71  9:22  Zergling x2  
  77  9:30  Baneling  
  77  9:31  Baneling x2  
  72  9:53  Zergling x2  
  72  9:54  Zergling x14  
  77  10:02  Hydralisk  
  77  10:05  Drone, Queen  
  82  10:10  Extractor, Overseer  
  81  10:16  Baneling x2  
  81  10:17  Baneling x3  
  81  10:18  Hydralisk x2  
  85  10:32  Hatchery  
  85  10:33  Hydralisk x3  
  90  10:37  Spine Crawler  
  90  10:38  Spine Crawler  
  90  10:40  Spine Crawler  
  87  10:47  Hydralisk x2  
  85  10:50  Overlord x2  
  85  10:56  Drone  
  81  11:00  Hydralisk  
  82  11:13  Hydralisk x3  
  85  11:47  Hydralisk x6  
  85  11:49  Overlord x2  
  85  11:50  Drone  
Show
View Real Time Build Order
Export as new Build Order

DuBxz Zerg 

Build Orders: Pool First 

Get SALT Encoding   

  12  0:01  Drone  
  13  0:14  Overlord  
  13  0:39  Drone x2  
  13  0:40  Spawning Pool  
  14  0:53  Drone x2  
  16  1:11  Drone  
  17  1:14  Extractor  
  17  1:17  Drone  
  17  1:39  Drone  
  19  1:40  Drone, Hatchery  
  18  1:55  Zergling x2  
  18  1:56  Zergling x2  
  20  2:21  Drone x2  
  22  2:36  Spore Crawler  
  21  2:41  Zergling x2  
  21  2:43  Overlord  
  22  2:51  Queen  
  24  3:12  Zergling x6  
  27  3:22  Metabolic Boost  
  27  3:23  Evolution Chamber  
  27  3:26  Queen  
  28  3:39  Queen  
  30  3:41  Drone x2  
  30  3:42  Drone  
  33  4:00  Hatchery  
  33  4:01  Drone  
  33  4:03  Overlord  
  33  4:14  Zergling x6  
  36  4:17  Overlord x2  
  21  5:30  Drone x3  
  21  5:32  Spore Crawler  
  21  5:34  Drone  
  21  5:35  Zergling x10  
  24  5:38  Drone x3  
  28  5:50  Zergling x2  
  28  5:52  Zergling x2  
  30  5:59  Zergling x2  
  31  6:18  Zerg Melee Weapons Level 1  
  31  6:30  Zergling x6  
  31  6:32  Zergling x10  
  35  7:01  Zergling x10  
  34  7:04  Zergling x6  
  34  7:06  Zergling x4  
  36  7:33  Lair  
  36  7:34  Zergling x8  
  36  7:35  Zergling x4  
  36  7:36  Zergling x8  
  36  7:37  Zergling x2  
  47  7:58  Drone  
  47  7:59  Drone  
  47  8:03  Drone x3  
  52  8:12  Zerg Ground Armor Level 1  
  28  8:34  Zergling x4  
  28  8:35  Zergling x2  
  28  8:38  Zergling x10  
  36  8:41  Zergling x2  
  36  8:42  Zergling x4  
  34  9:17  Zergling x10  
  34  9:19  Zergling x10  
  29  10:13  Queen  
  31  10:14  Overlord  
  31  10:15  Overlord x2  
  31  10:18  Zergling x6  
  31  10:19  Zergling x6  
  37  10:49  Queen  
  38  11:19  Zergling x6  
  38  11:22  Zergling x4  
  38  11:23  Zergling x2  
  38  11:24  Queen  
Tags
 
Add a new tag
Caveats
  • Supply blocks, unpowered buildings, or Contaminate may cause inaccurate times.
  • Supply counts are checked every 10 seconds.